 Dungeon Crawl Stone Soup version 0.28-a0-793-g31680bbd8b (webtiles) character file.

Game seed: 13049694239593940106

36 horus123 the Skirmisher (level 3, -3/33 HPs)
             Began as a Hill Orc Abyssal Knight on Nov 5, 2021.
             Was a Follower of Lugonu.
             Slain by a gnoll (5 damage)
             ... on level 2 of the Dungeon.
             The game lasted 00:01:59 (1450 turns).

horus123 the Skirmisher (Hill Orc Abyssal Knight)   Turns: 1450, Time: 00:01:59

Health: -3/33      AC:  5    Str: 15    XL:     3   Next: 37%
Magic:  4/4        EV: 11    Int: 11    God:    Lugonu [*.....]
Gold:   62         SH:  0    Dex: 11    Spells: 2/2 levels left

rFire   . . .      SeeInvis .   a - +1 hand axe
rCold   . . .      Faith    .   (no shield)
rNeg    . . .      Spirit   .   b - +0 leather armour
rPois   .          Reflect  .   (no helmet)
rElec   .          Harm     .   d - +0 cloak
rCorr   .          Rampage  .   c - +0 pair of gloves
Will    .....                   (no boots)
Stlth   +.........              (no amulet)
HPRegen 0.11/turn               (no ring)
MPRegen 0.09/turn               (no ring)

@: no status effects
A: no striking features
a: Renounce Religion, Depart the Abyss


You were on level 2 of the Dungeon.
You worshipped Lugonu.
Lugonu was aware of your devotion.
You visited 1 branch of the dungeon, and saw 2 of its levels.
You visited the Abyss 1 time.

You collected 62 gold pieces.

Inventory:

Hand Weapons
 a - a +1 hand axe (weapon)
Armour
 b - a +0 leather armour (worn)
 c - a +0 pair of gloves (worn)
 d - a +0 cloak (worn)
Scrolls
 f - a scroll of fog


   Skills:
 + Level 4.3 Fighting
 + Level 3.4 Axes
 + Level 2.7 Armour
 + Level 1.0 Dodging
 + Level 0.1 Stealth
 + Level 2.5 Invocations


You had 2 spell levels left.
You didn't know any spells.
Your spell library was empty.

Dungeon Overview and Level Annotations

Branches:
Dungeon (2/15)

Altars:

Shops:
D:1 *(


Message History

The gnoll barely misses you.
You hit the gnoll.
You kill the gnoll!
Lugonu accepts your kill.
No target in view!
A gnoll comes into view. It is wielding a +0 spear.
You see here a +0 spear.
The gnoll misses you. The gnoll hits you with a +0 spear.
You hit the gnoll.
The gnoll is moderately wounded.
The gnoll hits you with a +0 spear.
You are too injured to fight recklessly!
You are too injured to fight recklessly!
You are too injured to fight recklessly!
You are too injured to fight recklessly!
You barely miss the gnoll.
The gnoll is moderately wounded.
The gnoll hits you with a +0 spear.
You barely miss the gnoll.
The gnoll is moderately wounded.
The gnoll hits you with a +0 spear.
* * * LOW HITPOINT WARNING * * *
You barely miss the gnoll.
The gnoll is moderately wounded.
The gnoll hits you but does no damage.
A gnoll comes into view. It is wielding a +0 hand axe.
The gnoll shouts!
You hit the gnoll.
The gnoll is severely wounded.
The gnoll closely misses you.
You closely miss the gnoll.
The gnoll is severely wounded.
The gnoll hits you with a +0 spear.
* * * LOW HITPOINT WARNING * * *
The gnoll barely misses you.
You hit the gnoll but do no damage.
The gnoll is severely wounded.
The gnoll hits you with a +0 spear.
You die...

#........# #........#
# #........#.#
#..........#
#........#.....
#......#........
#######.#)#.....#####
..........#.#####
######@........
......gg........
######.#........
#.#........
#.#.....)..#
..#........
########.#. .#


You could see 2 gnolls.

Vanquished Creatures
  A gnoll (D:2)
  An adder (D:2)
  2 endoplasms (D:1)
  A giant cockroach (D:1)
  2 goblins (D:1)
  A hobgoblin (D:1)
  2 quokkas (D:1)
  3 ball pythons
  A bat (D:2)
  A frilled lizard (D:1)
  3 rats (D:1)
18 creatures vanquished.

Notes
Turn   | Place    | Note
-------+----------+-------------------------------------------
     0 | Abyss:1  | horus123 the Hill Orc Abyssal Knight began the quest for
                  | the Orb.
     0 | Abyss:1  | Reached XP level 1. HP: 19/19 MP: 2/2
    90 | Abyss:1  | Noticed a balrug
    91 | D:1      | Escaped the Abyss
   129 | D:1      | Found Ojacik's Assorted Antiques.
   409 | D:1      | Reached XP level 2. HP: 27/27 MP: 3/3
   536 | D:1      | Reached * piety under Lugonu
   677 | D:1      | Found Bisall's Weapon Emporium.
   814 | D:1      | Reached skill level 4 in Fighting
  1219 | D:2      | Reached XP level 3. HP: 24/33 MP: 4/4
  1362 | D:2      | Reached skill level 1 in Dodging
  1449 | D:2      | HP: 1/33 [gnoll (6)]
  1450 | D:2      | Slain by a gnoll

Illustrated notes

Levels and vault maps discovered:
D:1:      dpeg_arrival_tiny_b, layout_basic, serial_shops, shop_fountains,
          nicolae_shop_trees
D:2:      layout_basic, minmay_misc_feat_tiny

Skill      XL: |  1  2  3 |
---------------+----------+-----
Axes           | 3 |  3.4
Fighting       | 4 |  4.3
Dodging        | 1 |  1.0
Armour         | |  2.7
Stealth        | |  0.1
Invocations    | |  2.5

Action                   || total
-------------------------++-------
Melee: Hand axe          ||    60
Invok: Depart the Abyss  ||     1
  Use: Scroll            ||     2
 Stab: Sleeping          ||     1
Armor: Leather armour    ||    15
Dodge: Dodged            ||    32

Table legend: (Time is in decaauts)
 A = Elapsed time spent in this place.
 B = Non-inter-level travel time spent in this place.
 C = Inter-level travel time spent in this place.
 D = Time resting spent in this place.
 E = Time spent auto-exploring this place.
 F = Levels seen in this place.
 G = Mean time per level.
                   A        B        C        D        E       F      G
               +--------+--------+--------+--------+--------+-----+--------+
         Total |   1458 |   1425 |     33 |      0 |   1254 |   3 |  486.0 |
       Dungeon |   1367 |   1334 |     33 |      0 |   1178 |   2 |  683.5 |
         Abyss |     91 |     91 |      0 |      0 |     76 |   1 |   91.0 |
               +--------+--------+--------+--------+--------+-----+--------+

Top non-repeatable levels by time:
     D:1: 1087 daAuts
     D:2: 279 daAuts
 Abyss:1: 91 daAuts
